AoeStats
← CultKaos

Arabia

510586988Analyzed
1v1 RM · 7h ago on Oct 1, 2026· 39m 37s· 2 players
Game mode
Random Map
Map size
Tiny (2 player)
Population
200
Speed
Normal
Resources
Standard
Victory
Conquest
Starting age
Dark Age
Ending age
Imperial Age
RankedLock teamsTeams togetherTeam positionsShared explorationLock speedFull tech treeHidden civsTurbo modeCheats
Victory
Defeat
🇳🇴 Lithuanians · Norway
1298
+14
🇬🇷 Tatars · Greece
1254
-14
CultKaos
7:16 Loom
9:34 Feudal Age
10:21 Double-Bit Axe
10:21 Horse Collar
11:47 Fletching
12:43 Wheelbarrow
16:19 Town Watch
21:45 Castle Age
20:15 Gold Mining
21:27 Padded Archer Armor
21:42 Bloodlines
24:00 Bodkin Arrow
25:50 Bow Saw
26:05 Hand Cart
28:18 Ballistics
28:55 Leather Archer Armor
28:03 Elite Skirmisher
29:56 Heavy Plow
33:10 Imperial Age
32:25 Scale Barding Armor
32:31 Forging
33:31 Husbandry
33:53 Chain Barding Armor
34:50 Bracer
35:22 Ring Archer Armor
35:28 Iron Casting
35:56 Chemistry
34:44 Cavalier
36:03 Conscription
37:22 Thumb Ring
38:19 Plate Barding Armor
39:10 Two-Man Saw
apostolos77
6:43 Loom
9:42 Feudal Age
10:11 Double-Bit Axe
10:14 Horse Collar
14:48 Fletching
19:10 Castle Age
17:53 Gold Mining
20:04 Bodkin Arrow
20:46 Bow Saw
20:37 Heavy Plow
21:19 Padded Archer Armor
21:29 Town Watch
25:28 Ballistics
30:26 Gold Shaft Mining
29:46 Stone Mining
31:07 Wheelbarrow
33:39 Imperial Age
31:33 Husbandry
31:43 Bloodlines
30:54 Light Cavalry
31:41 Scale Barding Armor
32:33 Hand Cart
32:49 Town Patrol
33:09 Leather Archer Armor
33:39 Forging
34:07 Chain Barding Armor
34:52 Crop Rotation
34:26 Bracer
35:34 Chemistry
34:29 Hussar
36:00 Chain Barding Armor
37:40 Plate Barding Armor
37:42 Iron Casting
39:23 Ring Archer Armor
Connection lost

Rejoining the realm…

Still unreachable

The connection could not be restored.

Session expired

The server has moved on; the page needs a fresh start.